 Dungeon Crawl Stone Soup version 0.29.1-1-gd02db6906a (webtiles) character file.

Game seed: 16482014887591241259

110 Icepheonix32 the Changer (level 4, -9/32 HPs)
             Began as a Merfolk Transmuter on Sept 16, 2022.
             Killed by divine providence
             ... invoked by an orc priest
              (14 damage)
             ... on level 3 of the Dungeon.
             The game lasted 00:03:29 (1980 turns).

Icepheonix32 the Changer (Merfolk Transmuter)       Turns: 1980, Time: 00:03:30

Health: -9/32      AC:  2    Str: 10    XL:     4   Next: 91%
Magic:  16/16      EV: 16    Int: 14    God:
Gold:   128        SH:  0    Dex: 14    Spells: 2/8 levels left

rFire   . . .      SeeInvis .     - Unarmed
rCold   . . .      Faith    .   (no shield)
rNeg    . . .      Spirit   .   a - +0 robe
rPois   .          Reflect  .   (helmet currently unavailable)
rElec   .          Harm     .   (no cloak)
rCorr   .          Rampage  .   (no gloves)
Will    .....                   (boots currently unavailable)
Stlth   ++........              (no amulet)
HPRegen 0.10/turn               d - ring of magical power
MPRegen 0.15/turn               (no ring)

@: mighty, appendages (expiring), very quick
A: horns 2, nimble swimmer 2, mertail
a: End Transformation


You were on level 3 of the Dungeon.
You had temporarily grown beastly horns.
You visited 1 branch of the dungeon, and saw 4 of its levels.

You collected 128 gold pieces.

Inventory:

Armour
 a - a +0 robe (worn)
Jewellery
 d - a ring of magical power (left hand)
 f - an amulet of magic regeneration
Scrolls
 c - 2 scrolls of teleportation
 g - a scroll of acquirement
 j - a scroll of identify {unknown}
 k - a scroll of magic mapping {unknown}
 l - a scroll of vulnerability {unknown}
 m - a scroll of noise {unknown}
 n - a scroll of blinking {unknown}
Potions
 e - 2 potions of curing
 h - a potion of might
 o - a potion of cancellation {unknown}


   Skills:
 + Level 1.2 Fighting
 * Level 3.7 Dodging
 + Level 0.3 Stealth
 + Level 3.9 Unarmed Combat
 + Level 2.5 Spellcasting
 * Level 4.7 Transmutations


You had 2 spell levels left.
You knew the following spells:

 Your Spells              Type           Power      Damage    Failure   Level
a - Beastly Appendage     Tmut           28%        N/A       3%          1
b - Wereblood             Tmut           14%        N/A       4%          2
c - Spider Form           Tmut/Pois      8%         N/A       26%         3

Your spell library contained the following spells:

 Spells                   Type           Power      Damage    Failure   Level
 Ice Form                 Ice/Tmut       8%         N/A       65%         4
 Airstrike                Air            0%         2d(1-17)  92%         4
 Summon Lightning Spire   Summ/Air       1%         N/A       92%         4
 Lightning Bolt           Conj/Air       0%         1d11      99%         5


Dungeon Overview and Level Annotations

Branches:
Dungeon (4/15)
 Temple: D:4-7

Altars:


Innate Abilities, Weirdness & Mutations

You have temporarily grown beastly horns.
You are very nimble when in or above water. (Stealth+, EV+, Speed+++)
Your lower body shifts to a powerful aquatic tail in water.


Message History

The orc shouts! x2; You hear a shout!
The orc shouts!
An orc priest comes into view. It is wielding a +0 flail.
Casting: Beastly Appendage (safe; 3% risk of failure)
Confirm with . or Enter, or press ? or * to list all spells.
You grow a pair of large bovine horns.
The orc priest mumbles some strange prayers to Beogh against you.
Beogh smites you!
You barely miss the orc. The orc hits you with a +0 hand axe.
You hit the orc but do no damage.
The orc splashes around in the water.
You barely miss the orc. You headbutt the orc.
The orc is heavily wounded.
The orc hits you with a +0 hand axe.
The orc splashes around in the water.
You hit the orc.
You kill the orc!
You hear a splash.
The orc barely misses you. The orc closely misses you.
The orc priest casts a cantrip, but nothing happens.
Unknown command.
You barely miss the orc priest. The orc closely misses you.
The orc hits you with a +0 hand axe.
The orc priest calls down the wrath of Beogh upon you.
Beogh smites you!
* * * LOW HITPOINT WARNING * * *
The orc splashes around in the water.
Unknown command.
You are too injured to fight recklessly!
Unknown command.
It was a potion of curing.
You feel better.
Your transformation is almost over.
The orc hits you with a +0 hand axe.
The orc priest casts a cantrip, but nothing happens.
The orc misses you. The orc hits you with a +0 mace.
* * * LOW HITPOINT WARNING * * *
It was a potion of might.
You feel very mighty all of a sudden. The orc barely misses you.
The orc priest mumbles some strange prayers to Beogh against you.
Beogh smites you!
You die...

####...~≈≈~~ ≈≈
....:~.~~~.♣♣≈~
....~~~~._.~≈
#...~≈~♣~~~≈
#.~~~~~~~≈≈≈
#####...~≈~≈≈≈≈≈
......~.~~≈≈≈~≈~
####..≈~.≈~....
#..@o.....~.
#.....o#o.####!#
###.#.##o.# #
#... ...# ###.
...# . .o..# #
...## ##.##


You could see an orc priest and 3 orcs.

Vanquished Creatures
  A scorpion (D:4)
  A gnoll (D:3)
  An adder (D:4)
  A worm (D:3)
  A dart slug (D:2)
  An orc (D:3)
  3 ball pythons
  2 bats (D:1)
  A giant cockroach (D:1)
  2 hobgoblins
  2 jackals (D:3)
  5 kobolds
  2 quokkas
  3 frilled lizards (D:2)
  4 rats
30 creatures vanquished.

Notes
Turn   | Place    | Note
-------+----------+-------------------------------------------
     0 | D:1      | Icepheonix32 the Merfolk Transmuter began the quest for the
                  | Orb.
     0 | D:1      | Reached XP level 1. HP: 15/15 MP: 3/3
   170 | D:1      | Reached skill level 3 in Transmutations
   428 | D:1      | Reached XP level 2. HP: 21/21 MP: 5/5
  1274 | D:2      | You fall into a shaft and drop 2 floors!
  1303 | D:4      | Noticed a scorpion
  1313 | D:4      | Killed a scorpion
  1314 | D:4      | Reached skill level 4 in Transmutations
  1314 | D:4      | Reached XP level 3. HP: 7/26 MP: 6/6
  1314 | D:4      | Reached XP level 4. HP: 8/32 MP: 7/7
  1853 | D:3      | Learned a level 2 spell: Wereblood
  1857 | D:3      | Learned a level 3 spell: Spider Form
  1966 | D:3      | Identified a scroll of acquirement
  1966 | D:3      | Found a faded altar of an unknown god.
  1980 | D:3      | Killed from afar by an orc priest

Illustrated notes

Levels and vault maps discovered:
D:1:      psy_arrival_conway, layout_basic, dk_noncrumbling_4,
          corexii_leaking_fountain
D:2:      layout_loops_cross, kennysheep_generic_room_6
D:3:      lemuel_castle_with_subvaults [lemuel_castle_interior_carwin_1],
          layout_basic, chequers_ecumenical_altar_island, minmay_door_square,
          minmay_divided_ellipse
D:4:      layout_gridville

Skill      XL: |  1  2 |
---------------+-------+-----
Transmutations | 3 4 |  4.7
Dodging        | 3 |  3.7
Fighting       | |  1.2
Stealth        | |  0.3
Unarmed Combat | |  3.9
Spellcasting   | |  2.5

Action                   |  1- 3 |  4- 6 || total
-------------------------+-------+-------++-------
Melee: Unarmed           |    57 |    31 ||    88
       Headbutt          |     6 |     6 ||    12
       Punch             |     2 |     1 ||     3
       Tailslap          |     1 |     2 ||     3
 Cast: Beastly Appendage |    15 |     6 ||    21
  Use: Potion            |     1 |     3 ||     4
       Scroll            |       |     3 ||     3
Armor: Robe              |     7 |     3 ||    10
       Skin              |     6 |       ||     6
Dodge: Dodged            |    31 |    38 ||    69
